[Event "4th Paytakht Cup 2019"]
[Site "Tehran"]
[Date "2019.11.03"]
[Round "5.5"]
[White "Veisi, Bardia"]
[Black "Timofeev, Artyom"]
[Result "1/2-1/2"]
[ECO "D28"]
[WhiteElo "2316"]
[BlackElo "2595"]
[Annotator "RC"]
[PlyCount "117"]
[EventDate "2019.10.30"]
[EventType "swiss"]
[EventCountry "IRI"]
[SourceTitle "playchess.com"]
[Source "ChessBase"]
[SourceQuality "1"]
[TimeControl "5400+30"]

1. d4 d5 2. c4 dxc4 3. e3 Nf6 4. Bxc4 e6 5. Nf3 a6 6. O-O c5 7. Qe2 Nc6 8. a4 cxd4 9. Rd1 Nb4 10. exd4 Be7 11. Nc3 O-O 12. Ne5 Nbd5 13. Rd3 Bd7 14. Rh3 Rc8 15. Bg5 Bc6 16. Re1 Rc7 17. Bb3 Nb4 18. Qd2 Bd5 19. Bd1 Ne8 20. Bf4 Nd6 21. Qe2 g6 22. Ng4 Bc4 23. Qd2 Nd5 24. Nxd5 Bxd5 25. Be5 Bg5 26. f4 f5 27. fxg5 fxg4 28. Bxd6 gxh3 29. Bxc7 Qxc7 30. gxh3 Qf4 31. Qxf4 Rxf4 32. Bg4 Rxd4 33. Bxe6+ Kf8 34. Bxd5 Rxd5 35. Re4 Rxg5+ 36. Kf2 Kf7 37. Rc4 Re5 38. Rc7+ Re7 39. Rxe7+ Kxe7 40. Ke3 Kf6 41. Kd4 Kg5 42. Kc5 Kh4 43. Kb6 Kxh3 44. Kxb7 a5 45. Ka6 Kxh2 46. Kxa5 g5 47. b4 g4 48. b5 g3 49. b6 g2 50. b7 g1=Q 51. b8=Q+ Kh3 52. Qb3+ Kh4 53. Ka6 Qg6+ 54. Kb5 Qe8+ 55. Kb4 Qe7+ 56. Kb5 Qe8+ 57. Kb4 Qe7+ 58. Kb5 Qe8+ 59. Kb4 1/2-1/2